 Dungeon Crawl Stone Soup version 0.29.0-4-gdea44cf6ec (webtiles) character file.

Game seed: 5657056233788150064

736 qw the Chopper (level 8, -10/60 HPs)
             Began as a Formicid Cinder Acolyte on Sept 3, 2022.
             Was an Elder of Ignis.
             Mangled by Pikel
             ... wielding a +2 whip of electrocution
              (12 damage)
             ... on level 5 of the Dungeon.
             The game lasted 00:02:53 (5611 turns).

qw the Chopper (Formicid Cinder Acolyte)            Turns: 5611, Time: 00:02:53

Health: -10/60     AC: 24    Str: 20    XL:     8   Next: 4%
Magic:  9/9        EV:  7    Int: 15    God:    Ignis [****..]
Gold:   238        SH:  0    Dex:  9    Spells: 9/9 levels left

rFire   + . .      SeeInvis +   Y - -1 hand axe (protect)
rCold   . . .      Faith    .   (no shield)
rNeg    . . .      Spirit   .   j - +0 chain mail
rPois   .          Reflect  .   (helmet unavailable)
rElec   .          Harm     .   d - +0 cloak
rCorr   .          Rampage  .   (no gloves)
Will    .....                   (no boots)
Stlth   ..........              (no amulet)
HPRegen 0.20/turn               (no ring)
MPRegen 0.11/turn               (no ring)

@: under a protective aura, fiery-armoured
A: permanent stasis, dig shafts and tunnels, antennae 3, four strong arms
a: Dig, Shaft Self, Renounce Religion, Fiery Armour, Foxfire Swarm, Rising Flame


You were on level 5 of the Dungeon.
You worshipped Ignis.
Ignis was greatly pleased with you.
You visited 1 branch of the dungeon, and saw 5 of its levels.

You collected 238 gold pieces.


Innate Abilities, Weirdness & Mutations

You cannot be hasted, slowed, berserked, paralysed or teleported.
You can dig through walls and to a lower floor.
You have a pair of large antennae on your head. (SInv)
Your four strong arms can wield two-handed weapons with a shield.


   Skills:
 - Level 4.1 Fighting
 + Level 7.1 Axes
 - Level 1.8 Throwing
 - Level 3.9 Armour
 - Level 1.0 Dodging
 - Level 1.1 Spellcasting
 - Level 3.0 Fire Magic


You had 9 spell levels left.
You didn't know any spells.
Your spell library contained the following spells:

 Spells                   Type           Power      Damage    Failure   Level
 Scorch                   Fire           18%        2d6       71%         2

Inventory:

Hand Weapons
 m - a +0 flail
 Y - a -1 hand axe of protection (weapon)
Missiles
 e - 4 boomerangs (quivered)
Armour
 c - the +1 leather armour of Happiness {rF++ rN+ Str-4 Slay+3 Stlth+}
   (You found it on level 2 of the Dungeon)

   Str:       It affects your strength (-4).
   Slay:      It affects your accuracy & damage with ranged weapons and melee
   (+3).
   rF:        It greatly protects you from fire.
   rN:        It protects you from negative energy.
   Stlth:     It makes you more stealthy.
 d - a +0 cloak (worn)
 j - a +0 chain mail (worn)
 k - a +0 ring mail of fire resistance
Jewellery
 b - a ring of ice
Scrolls
 a - a scroll of teleportation
Potions
 f - a potion of heal wounds {unknown}
 g - a potion of haste
 h - a potion of lignification {unknown}
 i - a potion of invisibility {unknown}
 l - a potion of berserk rage {unknown}
 n - a potion of magic {unknown}

Dungeon Overview and Level Annotations

Branches:
Dungeon (5/15)
 Temple: D:4-7

Altars:
Elyvilon
Gozag
Nemelex Xobeh
Qazlal

Annotations:
D:3 1 runed translucent door, Crazy Yiuf
D:5 Pikel


Message History

The lemure hits you.
Pikel hits you with a +2 whip of electrocution!
5606 ||| INVOKING Fiery Armour.
A protective cloak of flame settles atop you.
Pikel barely misses you. The lemure barely misses you.
You miss the lemure.
The lemure is severely wounded.
You hit Pikel but do no damage. The lemure hits you but does no damage.
The lemure is burned by your cloak of flames.
The lemure is almost dead.
Pikel hits you but does no damage.
Pikel is burned by your cloak of flames.
Pikel is lightly wounded.
You hit the lemure.
The lemure is almost dead.
You hit Pikel. The lemure hits you but does no damage.
The lemure is burned by your cloak of flames.
You kill the lemure!
That felt strangely unrewarding.
Pikel waves his whip at you. Pikel hits you but does no damage.
You are electrocuted!
Pikel is burned by your cloak of flames.
Pikel is lightly wounded.
You hit Pikel.
Pikel is moderately wounded.
Pikel hits you but does no damage.
You are electrocuted!
Pikel is burned by your cloak of flames.
Pikel is moderately wounded.
You closely miss Pikel.
Pikel is moderately wounded.
Pikel says, "I'm sure the Orcish Mines are around here somewhere..."
Pikel hits you but does no damage.
Pikel is burned by your cloak of flames.
Pikel is heavily wounded.
You hit Pikel but do no damage.
Pikel is heavily wounded.
Pikel hits you but does no damage.
You are electrocuted!
You die...

#. #.# ...# #.####.#
.... ###....#.# ... ###
# .........####.# #.. .
. #####.....##.# #.###.
..######.#.#....# #.#...
.......#.#.###..###....#
#.....K#.#.# #..........
#....@.#)# #...#......
#..........# ##>...###.#
........#### ##.......#
........# #########
.......## .......
....... .......


You could see Pikel.

Vanquished Creatures
  Sigmund (D:4)
  An ogre (D:5)
  A lemure (D:5)
  A phantom (D:5)
  Blork the orc (D:4)
  A hound (D:4)
  2 orc priests (D:3)
  Ijyb (D:4)
  2 iguanas (D:4)
  9 adders
  A worm (D:4)
  2 dart slugs (D:1)
  3 orcs
  3 ball pythons
  3 bats
  7 endoplasms
  5 giant cockroaches
  7 goblins
  9 hobgoblins
  11 jackals
  8 quokkas
  3 frilled lizards
  10 kobolds
  6 rats
98 creatures vanquished.

Vanquished Creatures (others)
  5 fungi (D:4)
5 creatures vanquished.

Grand Total: 103 creatures vanquished

Notes
Turn   | Place    | Note
-------+----------+-------------------------------------------
     0 | D:1      | qw the Formicid Cinder Acolyte began the quest for the Orb.
     0 | D:1      | Reached XP level 1. HP: 18/18 MP: 2/2
     0 | D:1      | 0 ||| qw: Version: 0.1-a-102-g441f92d
     0 | D:1      | 0 ||| qw: Game counter: 5255
     0 | D:1      | 0 ||| qw: Always use a shield: true
     0 | D:1      | 0 ||| qw: God list: Okawaru
     0 | D:1      | 0 ||| qw: Allow faded altars: false
     0 | D:1      | 0 ||| qw: Do Orc after D:15 true
     0 | D:1      | 0 ||| qw: Do second Lair branch before Depths: true
     0 | D:1      | 0 ||| qw: Lair rune preference: random
     0 | D:1      | 0 ||| qw: Plans: Normal
     0 | D:1      | 0 ||| PLANNING D:1-11
   373 | D:1      | Reached XP level 2. HP: 20/24 MP: 3/3
   540 | D:1      | 540 ||| Stepping ~*~*~tactically~*~*~ (hiding).
   626 | D:1      | 626 ||| Stepping ~*~*~tactically~*~*~ (stealth).
   728 | D:1      | 728 ||| Stepping ~*~*~tactically~*~*~ (stealth).
   734 | D:1      | 734 ||| Stepping ~*~*~tactically~*~*~ (stealth).
   739 | D:1      | Reached skill level 4 in Axes
   739 | D:1      | Reached XP level 3. HP: 25/29 MP: 4/4
  1159 | D:1      | 1159 ||| UPGRADING to +0 cloak.
  1164 | D:1      | 1164 ||| UPGRADING to +0 leather armour.
  1174 | D:1      | 1174 ||| DROPPING +0 robe.
  1175 | D:1      | 1175 ||| UPGRADING to +0 ring mail of fire resistance.
  1185 | D:1      | 1185 ||| DROPPING +0 leather armour.
  1186 | D:1      | 1186 ||| READING 2 scrolls labelled ISI ETITEF.
  1187 | D:1      | 1187 ||| READING scroll labelled ECIEKU CULEWN.
  1209 | D:1      | 1209 ||| READING scroll labelled CELEBAT TOAB.
  1210 | D:1      | 1210 ||| READING scroll labelled VABLAAR NADEM.
  1233 | D:2      | Found a faded altar of an unknown god.
  1252 | D:2      | Identified the +1 leather armour of Happiness {rF++ rN+
                  | Str-4 Slay+3 Stlth+}
  1281 | D:2      | Reached skill level 1 in Armour
  1555 | D:2      | Reached XP level 4. HP: 35/35 MP: 5/5
  1557 | D:2      | 1557 ||| DROPPING +0 club.
  1686 | D:2      | 1686 ||| Stepping ~*~*~tactically~*~*~ (stealth).
  1690 | D:2      | 1690 ||| Stepping ~*~*~tactically~*~*~ (stealth).
  1754 | D:2      | 1754 ||| Stepping ~*~*~tactically~*~*~ (hiding).
  1755 | D:2      | 1755 ||| Stepping ~*~*~tactically~*~*~ (hiding).
  1787 | D:2      | 1787 ||| Stepping ~*~*~tactically~*~*~ (stealth).
  1813 | D:2      | 1813 ||| Stepping ~*~*~tactically~*~*~ (stealth).
  1906 | D:2      | 1906 ||| Stepping ~*~*~tactically~*~*~ (stealth).
  1908 | D:2      | Reached skill level 5 in Axes
  1908 | D:2      | Reached XP level 5. HP: 32/41 MP: 6/6
  2171 | D:2      | Reached skill level 1 in Dodging
  2233 | D:2      | 2233 ||| READING scroll labelled ZIALIA OTUG.
  2234 | D:2      | 2234 ||| READING scroll labelled BUSMOX YQYCUG.
  2969 | D:3      | 2969 ||| Stepping ~*~*~tactically~*~*~ (stealth).
  2970 | D:3      | 2970 ||| Stepping ~*~*~tactically~*~*~ (stealth).
  3067 | D:3      | 3067 ||| INVOKING Fiery Armour.
  3076 | D:3      | HP: 5/41 [orc priest/divine providence (8)]
  3084 | D:3      | Reached XP level 6. HP: 7/47 MP: 7/7
  3354 | D:3      | 3354 ||| DROPPING +0 whip.
  3363 | D:3      | Found an opulent altar of Gozag.
  3363 | D:3      | Found a sparkling altar of Nemelex Xobeh.
  3373 | D:3      | Reached skill level 6 in Axes
  3402 | D:3      | 3402 ||| Stepping ~*~*~tactically~*~*~ (stealth).
  3477 | D:3      | Found a runed translucent door.
  3478 | D:3      | Noticed Crazy Yiuf
  3481 | D:3      | 3481 ||| UPGRADING to +0 chain mail.
  3491 | D:3      | 3491 ||| DRINKING 2 viscous green potions.
  3492 | D:3      | 3492 ||| DRINKING 2 murky amethyst potions.
  3493 | D:3      | 3493 ||| DROPPING potion of degeneration.
  3564 | D:4      | Noticed Sigmund
  3588 | D:4      | 3588 ||| INVOKING Fiery Armour.
  3591 | D:4      | Killed Sigmund
  3592 | D:4      | Reached skill level 3 in Armour
  3809 | D:4      | Found a white marble altar of Elyvilon.
  3853 | D:4      | 3853 ||| Stepping ~*~*~tactically~*~*~ (stealth).
  3859 | D:4      | Noticed Ijyb
  3860 | D:4      | 3860 ||| Stepping ~*~*~tactically~*~*~ (hiding).
  3886 | D:4      | 3886 ||| DRINKING potion of curing.
  3886 | D:4      | 3886 ||| (to cure confusion)
  3907 | D:4      | Killed Ijyb
  3908 | D:4      | Reached XP level 7. HP: 36/53 MP: 8/8
  3917 | D:4      | 3917 ||| FLEEEEING.
  4058 | D:4      | 4058 ||| Stepping ~*~*~tactically~*~*~ (stealth).
  4068 | D:4      | 4068 ||| INVOKING Fiery Armour.
  4094 | D:4      | Found a stormy altar of Qazlal.
  4095 | D:4      | 4095 ||| READING scroll labelled VOVUCLUREC.
  4096 | D:4      | 4096 ||| Stepping randomly (stuck).
  4097 | D:4      | 4097 ||| Stepping randomly (stuck).
  4132 | D:4      | 4132 ||| Stepping ~*~*~tactically~*~*~ (stealth).
  4134 | D:4      | 4134 ||| FLEEEEING.
  4354 | D:4      | Noticed Blork the orc
  4355 | D:4      | 4355 ||| Stepping ~*~*~tactically~*~*~ (hiding).
  4357 | D:4      | 4357 ||| Stepping ~*~*~tactically~*~*~ (hiding).
  4358 | D:4      | 4358 ||| Stepping ~*~*~tactically~*~*~ (hiding).
  4359 | D:4      | 4359 ||| Stepping ~*~*~tactically~*~*~ (hiding).
  4361 | D:4      | 4361 ||| Stepping ~*~*~tactically~*~*~ (hiding).
  4373 | D:4      | 4373 ||| INVOKING Fiery Armour.
  4375 | D:4      | HP: 13/54 [Blork the orc/+2 halberd of pain (8)]
  4377 | D:4      | HP: 4/54 [Blork the orc/+2 halberd of pain (6)]
  4377 | D:4      | Killed Blork the orc
  5336 | D:4      | 5336 ||| READING scroll labelled COUQOT MIKAU.
  5350 | D:5      | Entered Level 5 of the Dungeon
  5369 | D:5      | Reached skill level 7 in Axes
  5500 | D:5      | Reached skill level 1 in Throwing
  5500 | D:5      | Reached XP level 8. HP: 44/60 MP: 9/9
  5595 | D:5      | Noticed Pikel
  5596 | D:5      | 5596 ||| Stepping ~*~*~tactically~*~*~ (stealth).
  5606 | D:5      | 5606 ||| INVOKING Fiery Armour.
  5609 | D:5      | HP: 2/60 [Pikel/+2 whip of electrocution (16)]
  5611 | D:5      | Mangled by Pikel

Levels and vault maps discovered:
D:1:      dpeg_arrival_stonehenge_8_columns, layout_basic
D:2:      minmay_chambers_of_twos, layout_loops_ring,
          nicolae_ecumenical_pavilion
D:3:      layout_loops_corners, grunt_temple_overflow_opulence,
          uniq_crazy_yiuf_cottage
D:4:      layout_basic, lemuel_doored_altar, mainiacjoe_overflow_alcove_4,
          hex_intersection, kennysheep_small_square, uniq_blork_the_orc,
          uniq_ijyb, uniq_sigmund
D:5:      layout_basic, minmay_temple_entry_tees, supply_closet_lemuel,
          uniq_pikel, uniq_grinder

Skill      XL: |  1  2  3  4  5  6  7 |
---------------+----------------------+-----
Axes           | 4 5 6 7 |  7.1
Armour         | 1 3 |  3.9
Dodging        | 1 |  1.0
Fighting       | 4 |  4.1
Throwing       | 1 |  1.8
Spellcasting   | |  1.1
Fire Magic     | |  3.0

Action                   |  1- 3 |  4- 6 |  7- 9 || total
-------------------------+-------+-------+-------++-------
Melee: Hand axe          |    81 |   256 |   139 ||   476
       Punch             |       |     3 |       ||     3
Throw: Boomerang         |       |     9 |    25 ||    34
Invok: Fiery Armour      |       |     2 |     3 ||     5
  Use: Scroll            |     4 |     2 |     2 ||     8
       Potion            |       |     3 |       ||     3
Armor: Robe              |     9 |       |       ||     9
       Ring mail         |    29 |    98 |       ||   127
       Chain mail        |       |    34 |    83 ||   117
Dodge: Dodged            |    51 |   127 |    44 ||   222

Table legend:
 A = Non-vault XP
 B = Vault XP
 C = Vault XP percentage of total XP
 D = Non-vault monster count
 E = Vault monster count
 F = Vault count percentage of total count
                 A         B        C        D         E       F
            +---------+---------+-------+---------+---------+-------
      Total |     597 |     455 |  43.3 |      83 |      14 |  14.4
            +---------+---------+-------+---------+---------+-------
        D:1 |      35 |       0 |   0.0 |      18 |       0 |   0.0
        D:2 |      82 |      50 |  37.9 |      21 |       8 |  27.6
        D:3 |     123 |       0 |   0.0 |      19 |       0 |   0.0
        D:4 |     125 |     405 |  76.4 |      23 |       6 |  20.7
        D:5 |     232 |       0 |   0.0 |       2 |       0 |   0.0
            +---------+---------+-------+---------+---------+-------
